[Event "Konyaalti Open-A 2019"]
[Site "Konyaalti"]
[Date "2019.11.17"]
[Round "1.4"]
[White "Afshari, Mohammadreza"]
[Black "Nigalidze, Gaioz"]
[Result "0-1"]
[ECO "A69"]
[WhiteElo "2089"]
[BlackElo "2472"]
[Annotator "ChessBase"]
[PlyCount "62"]
[EventDate "2019.11.20"]
[EventType "swiss"]
[EventCountry "TUR"]
[SourceTitle "playchess.com"]
[Source "ChessBase"]
[SourceQuality "1"]
[TimeControl "5400+30"]

1. d4 Nf6 2. c4 e6 3. Nc3 c5 4. d5 exd5 5. cxd5 d6 6. Nf3 g6 7. Nd2 Nbd7 8. e4 a6 9. a4 Bg7 10. Be2 O-O 11. O-O Re8 12. f4 Rb8 13. a5 Qc7 14. Kh1 b5 15. axb6 Rxb6 16. Nc4 Rb4 17. e5 dxe5 18. fxe5 Nxe5 19. Bf4 Nfd7 20. d6 Qd8 21. Nxe5 Nxe5 22. Qd5 Bb7 23. Qxc5 Rxb2 24. Rab1 Nd7 25. Qa3 Rxb1 26. Rxb1 Bxc3 27. Rxb7 Rxe2 28. Qxc3 Qf6 29. Qc8+ Kg7 30. Rb1 Qxf4 31. Qxd7 Qf2 0-1

[Event "Konyaalti Open-A 2019"]
[Site "Konyaalti"]
[Date "2019.11.17"]
[Round "1.5"]
[White "Haznedaroglu, Kivanc"]
[Black "Mecit, Emre"]
[Result "1-0"]
[ECO "E60"]
[WhiteElo "2461"]
[BlackElo "2008"]
[Annotator "RC"]
[PlyCount "159"]
[EventDate "2019.11.20"]
[EventType "swiss"]
[EventCountry "TUR"]
[SourceTitle "playchess.com"]
[Source "ChessBase"]
[SourceQuality "1"]
[TimeControl "5400+30"]

1. d4 Nf6 2. Nf3 g6 3. g3 Bg7 4. Bg2 O-O 5. c4 c5 6. d5 b5 7. cxb5 a6 8. b6 d6 9. Nc3 Nbd7 10. O-O Nxb6 11. h3 a5 12. e4 Ba6 13. Re1 Nfd7 14. Bf1 Bxf1 15. Kxf1 a4 16. Qc2 Qc8 17. Kg2 Qa6 18. Bg5 Rfe8 19. Rab1 Nc4 20. h4 Nce5 21. Nxe5 Nxe5 22. Red1 h6 23. Bf4 Reb8 24. Bxe5 Bxe5 25. Ne2 Rb4 26. Nc1 Qc4 27. Qxc4 Rxc4 28. Re1 Rb8 29. Nd3 Bg7 30. Re2 Rd4 31. Ne1 Rdb4 32. Nd3 R4b7 33. Rc2 Bd4 34. Kf3 e6 35. h5 Kg7 36. hxg6 fxg6 37. dxe6 Kf6 38. Rc4 Bxb2 39. Rxa4 g5 40. Rh1 Kg6 41. Kg4 Bg7 42. f4 gxf4 43. Nxf4+ Kf6 44. Rh5 Ke7 45. Rf5 Be5 46. Rf7+ Ke8 47. Rxb7 Rxb7 48. Ra8+ Ke7 49. Kf5 Bxf4 50. gxf4 c4 51. Rc8 Rb5+ 52. Kg6 Rc5 53. Rxc5 dxc5 54. f5 c3 55. f6+ Kxe6 56. f7 c2 57. f8=Q c1=Q 58. Qf6+ Kd7 59. e5 Qc2+ 60. Kf7 Qxa2+ 61. e6+ Kd6 62. Qf4+ Kc6 63. Qxh6 Qd5 64. Qh8 Kc7 65. Qg7 Kd6 66. Qf8+ Ke5 67. Qh8+ Kf4 68. Qf6+ Ke3 69. Kg6 c4 70. e7 Qe4+ 71. Kg7 Kd2 72. Qg5+ Kd1 73. Qh5+ Kc1 74. e8=Q Qd4+ 75. Qhe5 Qg4+ 76. Qg6 Qd7+ 77. Kh6 Qh3+ 78. Qgh5 Qd3 79. Qa1+ Kc2 80. Qh2+ 1-0

[Event "Konyaalti Open-A 2019"]
[Site "Konyaalti"]
[Date "2019.11.17"]
[Round "1.10"]
[White "Yaylali, Adnan Dogan"]
[Black "Yurtseven, Melih"]
[Result "0-1"]
[ECO "B06"]
[WhiteElo "1965"]
[BlackElo "2388"]
[Annotator "RC"]
[PlyCount "70"]
[EventDate "2019.11.20"]
[EventType "swiss"]
[EventCountry "TUR"]
[SourceTitle "playchess.com"]
[Source "ChessBase"]
[SourceQuality "1"]
[TimeControl "5400+30"]

1. Nf3 g6 2. e4 Bg7 3. d4 d6 4. Bc4 Nf6 5. Qe2 c6 6. Bb3 e5 7. dxe5 dxe5 8. O-O Qe7 9. Nbd2 O-O 10. Nc4 Bg4 11. a4 Nbd7 12. c3 h6 13. Bc2 Nh5 14. g3 Rfd8 15. Ne3 Bh3 16. Re1 Nc5 17. b4 Ne6 18. Nc4 Bg4 19. Ne3 Nef4 20. gxf4 Nxf4 21. Nxg4 Nxe2+ 22. Rxe2 Qe6 23. Ne3 Qh3 24. Nd2 h5 25. Kh1 Bh6 26. Re1 Rxd2 27. Bxd2 Bf4 28. Nf1 Qf3+ 29. Kg1 Bxd2 30. Nxd2 Qxc3 31. Bb3 Qxd2 32. Re3 Qxb4 33. Kh1 Rd8 34. Rg1 Kg7 35. Rg5 Qd4 0-1

[Event "Konyaalti Open-A 2019"]
[Site "Konyaalti"]
[Date "2019.11.18"]
[Round "2.9"]
[White "Yurtseven, Melih"]
[Black "Suzan, Ufuk"]
[Result "0-1"]
[ECO "A15"]
[WhiteElo "2388"]
[BlackElo "1823"]
[Annotator "RC"]
[PlyCount "190"]
[EventDate "2019.11.20"]
[EventType "swiss"]
[EventCountry "TUR"]
[SourceTitle "playchess.com"]
[Source "ChessBase"]
[SourceQuality "1"]
[TimeControl "5400+30"]

1. Nf3 Nf6 2. g3 g6 3. b3 Bg7 4. Bb2 d6 5. Bg2 e5 6. c4 Nc6 7. O-O O-O 8. Nc3 Ne8 9. e3 f5 10. d4 e4 11. Ne1 Ne7 12. f3 exf3 13. Nxf3 Nf6 14. d5 Ng4 15. Qd2 Bd7 16. Rae1 a5 17. Kh1 a4 18. Nxa4 Bxa4 19. Bxg7 Kxg7 20. bxa4 Kg8 21. a5 c5 22. dxc6 Nxc6 23. e4 Rxa5 24. Ng5 Qd7 25. h3 Nge5 26. exf5 gxf5 27. Ne6 Qxe6 28. Bd5 Rxd5 29. cxd5 Qd7 30. dxc6 Qxc6+ 31. Qg2 Ra8 32. Re2 Ra3 33. Qxc6 bxc6 34. Rxf5 c5 35. Rd2 Nc4 36. Rg5+ Kf7 37. Rf2+ Ke6 38. h4 d5 39. Rff5 Ne3 40. Re5+ Kd6 41. Re8 c4 42. h5 c3 43. Rxe3 c2 44. Re1 Rd3 45. Rf5 Rd1 46. Rff1 Rxe1 47. Rxe1 d4 48. Kg2 d3 49. Re3 c1=Q 50. Rxd3+ Ke5 51. Rf3 Qg5 52. Rf4 Qxh5 53. a4 Qe2+ 54. Kg1 Qc2 55. Kh1 Qc6+ 56. Kg1 Qh6 57. Kg2 Qh5 58. a5 Qe2+ 59. Kh3 Qe1 60. Rh4 Qf1+ 61. Kh2 Qf2+ 62. Kh3 Qg1 63. Kg4 Ke4 64. Kg5+ Kf3 65. Rf4+ Ke3 66. Kg4 h5+ 67. Kxh5 Qxg3 68. Rf5 Ke4 69. Rg5 Qd6 70. Rg4+ Kf3 71. Rg5 Qe6 72. Rg6 Qe8 73. Kg5 Qe5+ 74. Kh6 Qxa5 75. Rf6+ Ke4 76. Kg6 Qd5 77. Rf7 Qe5 78. Rf6 Qe8+ 79. Kg7 Ke5 80. Rf7 Qe6 81. Kg8 Qh6 82. Re7+ Kd6 83. Rf7 Qh5 84. Rh7 Qe8+ 85. Kg7 Ke6 86. Rh6+ Ke5 87. Rf6 Qe7+ 88. Rf7 Qg5+ 89. Kh8 Ke6 90. Rh7 Kf6 91. Rc7 Qh5+ 92. Kg8 Qe8+ 93. Kh7 Qe4+ 94. Kg8 Qg2+ 95. Kf8 Qa8+ 0-1

[Event "Konyaalti Open-A 2019"]
[Site "Konyaalti"]
[Date "2019.11.18"]
[Round "2.10"]
[White "Tum, Hakan"]
[Black "Solozhenkin, Evgeniy"]
[Result "0-1"]
[ECO "A47"]
[WhiteElo "1820"]
[BlackElo "2387"]
[Annotator "RC"]
[PlyCount "82"]
[EventDate "2019.11.20"]
[EventType "swiss"]
[EventCountry "TUR"]
[SourceTitle "playchess.com"]
[Source "ChessBase"]
[SourceQuality "1"]
[TimeControl "5400+30"]

1. d4 Nf6 2. Bf4 e6 3. e3 b6 4. h3 Bb7 5. Nf3 d5 6. c4 Bd6 7. Bxd6 cxd6 8. cxd5 Nxd5 9. Qa4+ Nd7 10. Nbd2 O-O 11. Nc4 N7f6 12. Bd3 a5 13. Na3 Nb4 14. Be2 Bc6 15. Nb5 Qd7 16. O-O Nfd5 17. a3 Nc7 18. axb4 Nxb5 19. Qb3 a4 20. Qd3 Na7 21. e4 Bb5 22. Qd2 Rfc8 23. e5 d5 24. Bxb5 Qxb5 25. Qf4 Nc6 26. Ng5 Nd8 27. Ra3 h6 28. Nf3 Qxb4 29. Nh2 Qe7 30. Rg3 Kf8 31. Qg4 g6 32. Qf4 Kg7 33. Ng4 Qh4 34. Qe3 Rc4 35. Rf3 Qg5 36. Qe2 Nc6 37. h4 Nxd4 38. Rxf7+ Kxf7 39. Qxc4 Qxg4 40. Qc7+ Kg8 41. g3 Qh3 0-1

[Event "Konyaalti Open-A 2019"]
[Site "Konyaalti"]
[Date "2019.11.21"]
[Round "6.1"]
[White "Shanava, Konstantine"]
[Black "Gokerkan, Cem Kaan"]
[Result "1/2-1/2"]
[ECO "B24"]
[WhiteElo "2491"]
[BlackElo "2452"]
[Annotator "ChessBase"]
[PlyCount "97"]
[EventDate "2019.11.20"]
[EventType "swiss"]
[EventCountry "TUR"]
[SourceTitle "playchess.com"]
[Source "ChessBase"]
[SourceQuality "1"]
[TimeControl "5400+30"]

1. e4 c5 2. Nc3 Nc6 3. g3 g6 4. Bg2 Bg7 5. d3 Rb8 6. f4 b5 7. Nf3 b4 8. Nd5 e6 9. Ne3 Nge7 10. O-O O-O 11. f5 exf5 12. exf5 d5 13. Nh4 Bf6 14. Ng4 Bxh4 15. fxg6 f5 16. g7 Rf6 17. gxh4 Rg6 18. Bg5 Kxg7 19. Ne3 d4 20. Nc4 Bb7 21. Rf2 h6 22. Bf4 Nd5 23. Bxb8 Qxb8 24. Qf3 Nce7 25. Kh1 Bc6 26. Na5 Ba8 27. Re1 Kf8 28. Rxe7 Kxe7 29. Qxf5 Qg8 30. Re2+ Kd8 31. Qf3 Kc7 32. h3 Rg3 33. Qe4 Rxh3+ 34. Kg1 Rg3 35. Qe5+ Kd7 36. Kh2 Re3 37. Bh3+ Rxh3+ 38. Kxh3 Ne3 39. Qf4 Bg2+ 40. Kh2 Nf1+ 41. Kg1 Bh3+ 42. Kf2 Ne3 43. Rxe3 Qg2+ 44. Ke1 dxe3 45. Qf7+ Kd8 46. Qf8+ Kd7 47. Qf7+ Kd8 48. Qf8+ Kd7 49. Qf7+ 1/2-1/2

[Event "Konyaalti Open-A 2019"]
[Site "Konyaalti"]
[Date "2019.11.22"]
[Round "6.3"]
[White "Lortkipanidze, Nodar"]
[Black "Haznedaroglu, Kivanc"]
[Result "1-0"]
[ECO "B22"]
[WhiteElo "2377"]
[BlackElo "2461"]
[Annotator "ChessBase"]
[PlyCount "99"]
[EventDate "2019.11.20"]
[EventType "swiss"]
[EventCountry "TUR"]
[SourceTitle "playchess.com"]
[Source "ChessBase"]
[SourceQuality "1"]
[TimeControl "5400+30"]

1. e4 c5 2. Nf3 e6 3. c3 Nf6 4. e5 Nd5 5. d4 cxd4 6. cxd4 d6 7. a3 Bd7 8. Bd3 Bc6 9. O-O Nd7 10. b4 a6 11. Nbd2 dxe5 12. dxe5 Be7 13. Re1 Rc8 14. Ne4 O-O 15. Qd2 N7b6 16. Nd4 Ba4 17. Qe2 Rxc1 18. Raxc1 Nf4 19. Qe3 Nbd5 20. Qf3 Ng6 21. Nc5 Bxc5 22. Rxc5 Qg5 23. Bxg6 hxg6 24. Qe4 Rd8 25. Rec1 Bd7 26. h4 Qe7 27. g3 Qe8 28. Kg2 Ra8 29. Qc2 Qb8 30. Rxd5 exd5 31. Qc7 Bc6 32. Qxb8+ Rxb8 33. Nxc6 bxc6 34. Rxc6 a5 35. bxa5 Rb5 36. Rc8+ Kh7 37. Rc7 d4 38. Rxf7 Rxe5 39. a6 Ra5 40. a7 Rxa3 41. Rd7 g5 42. hxg5 Kg6 43. Kh3 Kxg5 44. Rxg7+ Kf5 45. Rd7 Ke4 46. Kh4 d3 47. g4 Kf4 48. Rd4+ Ke5 49. Rxd3 Rxa7 50. Rf3 1-0

[Event "Konyaalti Open-A 2019"]
[Site "Konyaalti"]
[Date "2019.11.21"]
[Round "6.5"]
[White "Nigalidze, Gaioz"]
[Black "Gadimbayli, Abdulla"]
[Result "1/2-1/2"]
[ECO "D08"]
[WhiteElo "2472"]
[BlackElo "2447"]
[Annotator "ChessBase"]
[PlyCount "125"]
[EventDate "2019.11.20"]
[EventType "swiss"]
[EventCountry "TUR"]
[SourceTitle "playchess.com"]
[Source "ChessBase"]
[SourceQuality "1"]
[TimeControl "5400+30"]

1. d4 d5 2. c4 e5 3. dxe5 d4 4. Nf3 Nc6 5. a3 Nge7 6. b4 Ng6 7. Bb2 a5 8. b5 Ncxe5 9. Nxe5 Nxe5 10. Qxd4 Qxd4 11. Bxd4 Nxc4 12. e3 Be6 13. Be2 a4 14. O-O Na5 15. Nd2 f6 16. Bh5+ Kd7 17. Bf3 Bd6 18. Ne4 Bc4 19. Rfd1 Nb3 20. Nxd6 cxd6 21. Rab1 Bxb5 22. Bxb7 Be2 23. Bxa8 Rxa8 24. Re1 Bd3 25. Rb2 Rc8 26. f3 Ke6 27. Bb6 Rc6 28. Ba7 Rc3 29. e4 Na5 30. Rd1 Nb3 31. Bf2 Bc2 32. Rd5 Bxe4 33. Rd1 Bd3 34. Re1+ Kf7 35. Bg3 d5 36. Bd6 d4 37. Re7+ Kg6 38. Bb4 Rc1+ 39. Kf2 Bc2 40. Rc7 d3 41. Ke3 h5 42. h4 Rh1 43. Rc4 Rh2 44. Kf2 Rh1 45. Kg3 Rc1 46. Rc7 Kh7 47. Rd7 Kg6 48. Kf4 Rh1 49. Kg3 Rc1 50. Kf2 Rh1 51. Bf8 Rxh4 52. Rxg7+ Kf5 53. Rd7 Rc4 54. Bb4 Rc6 55. Rd5+ Kg6 56. Rd7 Re6 57. Kg3 Re2 58. Kf4 Re8 59. Rd6 Rc8 60. Ke3 Re8+ 61. Kf4 Rc8 62. Be1 Rc7 63. Bb4 1/2-1/2

[Event "Konyaalti Open-A 2019"]
[Site "Konyaalti"]
[Date "2019.11.21"]
[Round "6.6"]
[White "Mammadov, Zaur"]
[Black "Burcu, Cagatay"]
[Result "1-0"]
[ECO "E06"]
[WhiteElo "2421"]
[BlackElo "2331"]
[Annotator "ChessBase"]
[PlyCount "61"]
[EventDate "2019.11.20"]
[EventType "swiss"]
[EventCountry "TUR"]
[SourceTitle "playchess.com"]
[Source "ChessBase"]
[SourceQuality "1"]
[TimeControl "5400+30"]

1. Nf3 d5 2. g3 Nf6 3. Bg2 Bf5 4. c4 c6 5. O-O e6 6. cxd5 exd5 7. d3 Bc5 8. d4 Be7 9. Nc3 O-O 10. Nh4 Bg6 11. f3 Na6 12. Nxg6 hxg6 13. e4 dxe4 14. fxe4 Nc7 15. Be3 Nd7 16. Qb3 c5 17. Rad1 cxd4 18. Bxd4 Ne6 19. Bf2 Qc8 20. Nd5 Bd8 21. Rc1 Qb8 22. Bh3 Re8 23. Be3 a5 24. Qb5 Nf6 25. e5 Nc7 26. Rxc7 Rxe5 27. Rc8 Qxc8 28. Bxc8 Rxc8 29. Qxb7 Rc2 30. Nxf6+ Bxf6 31. Bd4 1-0

[Event "Konyaalti Open-A 2019"]
[Site "Konyaalti"]
[Date "2019.11.21"]
[Round "6.7"]
[White "Guliev, Sarhan"]
[Black "Mirzoev, Azer"]
[Result "1/2-1/2"]
[ECO "D36"]
[WhiteElo "2311"]
[BlackElo "2472"]
[Annotator "ChessBase"]
[PlyCount "26"]
[EventDate "2019.11.20"]
[EventType "swiss"]
[EventCountry "TUR"]
[SourceTitle "playchess.com"]
[Source "ChessBase"]
[SourceQuality "1"]
[TimeControl "5400+30"]

1. d4 d5 2. c4 e6 3. cxd5 exd5 4. Nc3 Nf6 5. Bg5 Be7 6. e3 c6 7. Nf3 O-O 8. Bd3 Nbd7 9. O-O Re8 10. Qc2 Nf8 11. Ne5 Ng4 12. Bxe7 Qxe7 13. Nxg4 Bxg4 1/2-1/2

[Event "Konyaalti Open-A 2019"]
[Site "Konyaalti"]
[Date "2019.11.21"]
[Round "6.8"]
[White "Ozen, Deniz"]
[Black "Zarinfam, Arsalan"]
[Result "1-0"]
[ECO "B52"]
[WhiteElo "2422"]
[BlackElo "2171"]
[Annotator "ChessBase"]
[PlyCount "57"]
[EventDate "2019.11.20"]
[EventType "swiss"]
[EventCountry "TUR"]
[SourceTitle "playchess.com"]
[Source "ChessBase"]
[SourceQuality "1"]
[TimeControl "5400+30"]

1. e4 c5 2. Nf3 d6 3. Bb5+ Bd7 4. Bxd7+ Qxd7 5. O-O Nf6 6. Qe2 Nc6 7. Rd1 g5 8. c3 g4 9. Nh4 Qe6 10. d3 d5 11. Bg5 O-O-O 12. Nd2 Rg8 13. Bf4 Nh5 14. Bg3 Nxg3 15. hxg3 Qe5 16. Rac1 Kb8 17. b4 cxb4 18. d4 Qe6 19. Nb3 Bh6 20. Nc5 Qc8 21. Rc2 dxe4 22. d5 Rg5 23. cxb4 Nxb4 24. Na6+ Nxa6 25. Rxc8+ Rxc8 26. Qxe4 Bg7 27. Qxe7 h6 28. d6 Bf8 29. Qf6 1-0

[Event "Konyaalti Open-A 2019"]
[Site "Konyaalti"]
[Date "2019.11.21"]
[Round "6.9"]
[White "Kiremitciyan, Ari"]
[Black "Noroozi, Omid"]
[Result "1-0"]
[ECO "A13"]
[WhiteElo "2264"]
[BlackElo "2345"]
[Annotator "ChessBase"]
[PlyCount "83"]
[EventDate "2019.11.20"]
[EventType "swiss"]
[EventCountry "TUR"]
[SourceTitle "playchess.com"]
[Source "ChessBase"]
[SourceQuality "1"]
[TimeControl "5400+30"]

1. Nf3 Nf6 2. c4 e6 3. Nc3 d5 4. e3 Be7 5. b3 c5 6. cxd5 exd5 7. Bb2 O-O 8. d4 Nc6 9. Be2 cxd4 10. Nxd4 Qb6 11. Nxc6 bxc6 12. O-O Be6 13. Na4 Qa5 14. Rc1 Rac8 15. Bc3 Qc7 16. Bd4 Ba3 17. Rc2 Nd7 18. Qd3 Bd6 19. h3 c5 20. Nxc5 Nxc5 21. Bxc5 Bxc5 22. b4 Qb6 23. bxc5 Rxc5 24. Rxc5 Qxc5 25. Rd1 Rb8 26. Bf3 Rb5 27. a4 Ra5 28. e4 Bd7 29. exd5 Qd6 30. Ra1 g6 31. Qd4 h5 32. h4 Kh7 33. g3 Kg8 34. Bg2 Qa6 35. Rb1 Qd6 36. Rb7 Rxa4 37. Qb2 Kh7 38. Rb8 f6 39. Rd8 Rc4 40. Bh3 Rc7 41. Kh2 Qe7 42. Qb8 1-0

[Event "Konyaalti Open-A 2019"]
[Site "Konyaalti"]
[Date "2019.11.21"]
[Round "6.10"]
[White "Garayev, Kanan"]
[Black "Kirilmaz, Emre"]
[Result "1-0"]
[ECO "E04"]
[WhiteElo "2338"]
[BlackElo "2141"]
[Annotator "ChessBase"]
[PlyCount "101"]
[EventDate "2019.11.20"]
[EventType "swiss"]
[EventCountry "TUR"]
[SourceTitle "playchess.com"]
[Source "ChessBase"]
[SourceQuality "1"]
[TimeControl "5400+30"]

1. d4 d5 2. c4 e6 3. Nf3 Nf6 4. g3 dxc4 5. Bg2 c6 6. O-O b5 7. Ne5 Bb7 8. a4 a6 9. Nc3 Nd5 10. e4 Nxc3 11. bxc3 Nd7 12. f4 Be7 13. Be3 O-O 14. Nxd7 Qxd7 15. e5 a5 16. Qc2 b4 17. cxb4 axb4 18. Be4 b3 19. Qxc4 Ba6 20. Qxb3 Bxf1 21. Rxf1 Rac8 22. f5 c5 23. f6 gxf6 24. exf6 Bxf6 25. Rxf6 Kg7 26. Rf4 cxd4 27. Qd3 e5 28. Bf5 Qd6 29. Rg4+ Kh8 30. Bxc8 Rxc8 31. Qf5 Rg8 32. Rh4 Rg6 33. Qxf7 Rg7 34. Qe8+ Rg8 35. Qxe5+ Qxe5 36. Bxd4 Re8 37. Bxe5+ Rxe5 38. Kf2 Kg7 39. Kf3 Rc5 40. Rb4 Rc2 41. h4 Ra2 42. Ke4 Kf6 43. Rb6+ Kg7 44. Rb4 Kf6 45. Kd5 h5 46. Kc5 Kf5 47. Kb6 Ra3 48. Rb5+ Ke6 49. a5 Kd7 50. Kb7 Rxg3 51. a6 1-0

[Event "Konyaalti Open-A 2019"]
[Site "Konyaalti"]
[Date "2019.11.22"]
[Round "7.1"]
[White "Solozhenkin, Evgeniy"]
[Black "Shanava, Konstantine"]
[Result "1/2-1/2"]
[ECO "B08"]
[WhiteElo "2387"]
[BlackElo "2491"]
[Annotator "ChessBase"]
[PlyCount "84"]
[EventDate "2019.11.20"]
[EventType "swiss"]
[EventCountry "TUR"]
[SourceTitle "playchess.com"]
[Source "ChessBase"]
[SourceQuality "1"]
[TimeControl "5400+30"]

1. d4 g6 2. e4 Bg7 3. Nf3 d6 4. Be2 Nf6 5. Nc3 O-O 6. O-O Nc6 7. d5 Nb8 8. h3 c6 9. a4 Nbd7 10. a5 Qc7 11. Be3 Nc5 12. Nd2 Rd8 13. Ra3 Bd7 14. b4 Na6 15. dxc6 Be6 16. cxb7 Qxb7 17. b5 Nc5 18. e5 Nd5 19. a6 Qc7 20. Nxd5 Bxd5 21. c4 Be6 22. exd6 Qxd6 23. Qc1 Rac8 24. Nf3 Qc7 25. Bf4 Qb6 26. Ne5 g5 27. Bh2 Ne4 28. Nc6 Rxc6 29. bxc6 Bb2 30. Qe3 Bxa3 31. Qxa3 Rd2 32. Qxe7 Rxe2 33. Be5 Qc5 34. Qd8+ Qf8 35. Qd3 Rxf2 36. Qxe4 Rxf1+ 37. Kxf1 Qc5 38. c7 Qxc4+ 39. Qxc4 Bxc4+ 40. Kf2 Bxa6 41. Bd4 f5 42. Bxa7 Kf7 1/2-1/2

[Event "Konyaalti Open-A 2019"]
[Site "Konyaalti"]
[Date "2019.11.22"]
[Round "7.2"]
[White "Ibrahimov, Rasul"]
[Black "Lortkipanidze, Nodar"]
[Result "1-0"]
[ECO "E16"]
[WhiteElo "2518"]
[BlackElo "2377"]
[Annotator "ChessBase"]
[PlyCount "89"]
[EventDate "2019.11.20"]
[EventType "swiss"]
[EventCountry "TUR"]
[SourceTitle "playchess.com"]
[Source "ChessBase"]
[SourceQuality "1"]
[TimeControl "5400+30"]

1. d4 e6 2. Nf3 b6 3. g3 Bb7 4. Bg2 Nf6 5. c4 g6 6. Nc3 Ne4 7. d5 Nxc3 8. Qd4 f6 9. Qxc3 Qe7 10. O-O Bg7 11. Nd4 c6 12. Nb5 Na6 13. Qe3 exd5 14. Nd6+ Kf8 15. Nxb7 dxc4 16. Qf4 d5 17. e4 d4 18. e5 f5 19. Qxd4 Qxb7 20. Qd6+ Qe7 21. Qxc6 Rb8 22. e6 Nc5 23. Bf4 Rd8 24. Rad1 Nd3 25. Qxc4 Nxf4 26. Qxf4 Bf6 27. Rxd8+ Qxd8 28. Rc1 Bg5 29. Qc7 Qe7 30. Qe5 Bf6 31. Qf4 Bg5 32. Rc8+ Kg7 33. Rc7 Bxf4 34. Rxe7+ Kf6 35. Rxa7 Bb8 36. Rb7 Kxe6 37. Rxb6+ Bd6 38. a4 Rc8 39. a5 Rc1+ 40. Bf1 Kd5 41. b4 Be5 42. a6 Bd4 43. Rb7 Rc2 44. Rd7+ Ke4 45. Bg2+ 1-0

[Event "Konyaalti Open-A 2019"]
[Site "Konyaalti"]
[Date "2019.11.22"]
[Round "7.3"]
[White "Gokerkan, Cem Kaan"]
[Black "Nigalidze, Gaioz"]
[Result "1/2-1/2"]
[ECO "B30"]
[WhiteElo "2452"]
[BlackElo "2472"]
[Annotator "ChessBase"]
[PlyCount "206"]
[EventDate "2019.11.20"]
[EventType "swiss"]
[EventCountry "TUR"]
[SourceTitle "playchess.com"]
[Source "ChessBase"]
[SourceQuality "1"]
[TimeControl "5400+30"]

1. e4 c5 2. Nf3 Nc6 3. Nc3 e5 4. Bc4 d6 5. d3 Be7 6. a4 Nf6 7. h3 O-O 8. O-O Be6 9. Re1 Na5 10. Ba2 a6 11. Bd2 h6 12. Nd5 Nc6 13. a5 Bxd5 14. Bxd5 Nxd5 15. exd5 Nd4 16. Nxd4 exd4 17. Qg4 Bg5 18. f4 Bf6 19. Re2 Rc8 20. b3 Re8 21. Rxe8+ Qxe8 22. Re1 Qd8 23. Re4 Rc7 24. Qe2 Re7 25. g4 g6 26. Kg2 Kf8 27. Kf3 b5 28. axb6 Qxb6 29. h4 Qb7 30. g5 hxg5 31. hxg5 Bg7 32. Rxe7 Qxe7 33. Qxe7+ Kxe7 34. Ke4 Kd7 35. Be1 Bf8 36. f5 Be7 37. f6 Bd8 38. Kf3 Kc8 39. Ke2 Kb7 40. Kd1 Kb6 41. Kc1 Kb5 42. Kb2 Ba5 43. c4+ dxc3+ 44. Kc2 Bc7 45. Bg3 Kb4 46. Bh2 a5 47. Bg3 a4 48. bxa4 c4 49. Be1 cxd3+ 50. Kxd3 Kxa4 51. Bxc3 Ba5 52. Bd4 Kb5 53. Be3 Bb6 54. Bf4 Bc5 55. Kc3 Bb4+ 56. Kd4 Ba3 57. Bg3 Bb2+ 58. Ke4 Kc5 59. Bf4 Ba3 60. Be3+ Kc4 61. Bd2 Bc5 62. Be1 Bb4 63. Bg3 Bc5 64. Be1 Bb4 65. Bg3 Ba3 66. Bh2 Kc3 67. Bf4 Bc5 68. Bc1 Bb4 69. Bf4 Ba3 70. Be3 Kc2 71. Bf4 Bc5 72. Bg3 Kd2 73. Bf4+ Ke2 74. Bg3 Ba3 75. Bh4 Bc5 76. Bg3 Ba3 77. Bh4 Bc1 78. Bg3 Bxg5 79. Bxd6 Bxf6 80. Bf4 Bd8 81. d6 f5+ 82. Ke5 Kf3 83. Bh6 Kg4 84. d7 g5 85. Bg7 f4 86. Bf6 Bc7+ 87. Ke6 f3 88. Be5 Bd8 89. Bd4 Kh3 90. Bf6 f2 91. Bxd8 f1=Q 92. Be7 Qc4+ 93. Kd6 Qb4+ 94. Ke6 Qb3+ 95. Kd6 Qb6+ 96. Kd5 Qb7+ 97. Kd6 Qb8+ 98. Kc6 Qa8+ 99. Kd6 Qa3+ 100. Ke6 Qb3+ 101. Kd6 Qb4+ 102. Ke6 Qe4+ 103. Kd6 Qb4+ 1/2-1/2

[Event "Konyaalti Open-A 2019"]
[Site "Konyaalti"]
[Date "2019.11.22"]
[Round "7.4"]
[White "Moiseenko, Vadim"]
[Black "Kamer, Kayra"]
[Result "1-0"]
[ECO "A41"]
[WhiteElo "2532"]
[BlackElo "2329"]
[Annotator "ChessBase"]
[PlyCount "77"]
[EventDate "2019.11.20"]
[EventType "swiss"]
[EventCountry "TUR"]
[SourceTitle "playchess.com"]
[Source "ChessBase"]
[SourceQuality "1"]
[TimeControl "5400+30"]

1. c4 g6 2. Nc3 Bg7 3. d4 d6 4. f4 c5 5. e3 cxd4 6. exd4 Nc6 7. Nge2 Bg4 8. Be3 Nh6 9. d5 Nf5 10. Bf2 Ncd4 11. Qa4+ Kf8 12. Nxd4 Nxd4 13. Bd3 e5 14. fxe5 Bxe5 15. O-O Qg5 16. Ne4 Qh6 17. Ng3 Be2 18. Rfe1 Bxg3 19. hxg3 Nf3+ 20. gxf3 Bxf3 21. Bd4 b5 22. Qxb5 Qd2 23. Bf2 Qh6 24. Bc5 dxc5 25. Qxc5+ Kg8 26. Bf1 Qh1+ 27. Kf2 Be4 28. Re3 Qh2+ 29. Ke1 Qxb2 30. Rd1 Bc2 31. Qd4 Qb4+ 32. Rd2 h5 33. c5 Qb1+ 34. Kf2 h4 35. g4 h3 36. Rde2 Qb8 37. Kg1 Qb5 38. Rxc2 Qb1 39. Rh2 1-0

[Event "Konyaalti Open-A 2019"]
[Site "Konyaalti"]
[Date "2019.11.22"]
[Round "7.5"]
[White "Haznedaroglu, Kivanc"]
[Black "Yurtseven, Melih"]
[Result "1/2-1/2"]
[ECO "C00"]
[WhiteElo "2461"]
[BlackElo "2388"]
[Annotator "ChessBase"]
[PlyCount "71"]
[EventDate "2019.11.20"]
[EventType "swiss"]
[EventCountry "TUR"]
[SourceTitle "playchess.com"]
[Source "ChessBase"]
[SourceQuality "1"]
[TimeControl "5400+30"]

1. e4 e6 2. Qe2 Be7 3. g3 d5 4. d3 Nf6 5. Bg2 c5 6. Nf3 Nc6 7. O-O O-O 8. Nbd2 Qc7 9. Re1 b5 10. e5 Nd7 11. Nf1 Bb7 12. h4 Rfc8 13. c3 b4 14. N1h2 bxc3 15. bxc3 Rab8 16. Bf4 Qa5 17. Rac1 Ba6 18. Ng5 Bxg5 19. hxg5 Ne7 20. Ng4 Ng6 21. Bxd5 Nxf4 22. gxf4 exd5 23. e6 Re8 24. Nh6+ gxh6 25. exf7+ Kxf7 26. Qh5+ Kf8 27. Qxh6+ Kg8 28. g6 Nf8 29. gxh7+ Nxh7 30. Qg6+ Kf8 31. Qf5+ Kg7 32. Qd7+ Kf8 33. Qd6+ Kg8 34. Qg6+ Kf8 35. Qh6+ Kg8 36. Qg6+ 1/2-1/2

[Event "Konyaalti Open-A 2019"]
[Site "Konyaalti"]
[Date "2019.11.22"]
[Round "7.6"]
[White "Gadimbayli, Abdulla"]
[Black "Kiremitciyan, Ari"]
[Result "1/2-1/2"]
[ECO "B27"]
[WhiteElo "2447"]
[BlackElo "2264"]
[Annotator "ChessBase"]
[PlyCount "44"]
[EventDate "2019.11.20"]
[EventType "swiss"]
[EventCountry "TUR"]
[SourceTitle "playchess.com"]
[Source "ChessBase"]
[SourceQuality "1"]
[TimeControl "5400+30"]

1. e4 c5 2. Nf3 g6 3. d4 cxd4 4. Qxd4 Nf6 5. Nc3 Nc6 6. Qa4 d6 7. e5 dxe5 8. Nxe5 Bg7 9. Bb5 O-O 10. Nxc6 bxc6 11. Bxc6 Bd7 12. O-O Rc8 13. Bxd7 Qxd7 14. Qxd7 Nxd7 15. Be3 Nb6 16. a4 Bxc3 17. bxc3 Rc7 18. Bxb6 axb6 19. Rfb1 Rc6 20. g3 Rd8 21. Rd1 Rxd1+ 22. Rxd1 Rxc3 1/2-1/2

[Event "Konyaalti Open-A 2019"]
[Site "Konyaalti"]
[Date "2019.11.22"]
[Round "7.7"]
[White "Garayev, Kanan"]
[Black "Ozen, Deniz"]
[Result "1/2-1/2"]
[ECO "D27"]
[WhiteElo "2338"]
[BlackElo "2422"]
[Annotator "ChessBase"]
[PlyCount "91"]
[EventDate "2019.11.20"]
[EventType "swiss"]
[EventCountry "TUR"]
[SourceTitle "playchess.com"]
[Source "ChessBase"]
[SourceQuality "1"]
[TimeControl "5400+30"]

1. d4 d5 2. c4 dxc4 3. Nf3 Nf6 4. e3 e6 5. Bxc4 c5 6. O-O Nc6 7. Nc3 a6 8. a4 Be7 9. Qe2 cxd4 10. Rd1 e5 11. exd4 exd4 12. Nxd4 Nxd4 13. Qe5 Qd6 14. Qxd6 Bxd6 15. Rxd4 Bc5 16. Rd1 O-O 17. h3 Be6 18. Bxe6 fxe6 19. Be3 Bxe3 20. fxe3 Rfd8 21. Kf2 Kf7 22. Ke2 Ke7 23. Rac1 Rac8 24. Rd4 e5 25. Rxd8 Kxd8 26. g4 h6 27. Rd1+ Ke7 28. Nd5+ Nxd5 29. Rxd5 Ke6 30. Rd2 Rc4 31. b3 Rc3 32. Rd3 Rc2+ 33. Rd2 Rc3 34. Rd3 Rc2+ 35. Rd2 Rxd2+ 36. Kxd2 Kd5 37. Kd3 a5 38. e4+ Kc5 39. Kc3 g5 40. Kd3 Kb4 41. Kc2 b5 42. axb5 Kxb5 43. Kc3 Kc5 44. Kd3 Kb4 45. Kc2 Kb5 46. Kc3 1/2-1/2